 Dungeon Crawl Stone Soup version 0.19-a0-1007-g133f65f (webtiles) character file.

216 HAL9000 the Cudgeler (level 5, -1/87 HPs)
             Began as an Ogre Berserker on July 21, 2016.
             Was a Believer of Trog.
             Slain by a troll (11 damage)
             ... on level 4 of the Dungeon.
             The game lasted 00:05:07 (3854 turns).

HAL9000 the Cudgeler (Ogre Berserker)               Turns: 3854, Time: 00:05:08

Health: -1/87      AC:  3    Str: 27    XL:     5   Next: 93%
Magic:  5/5        EV: 10    Int:  9    God:    Trog [**....]
Gold:   264        SH:  0    Dex: 10    Spells: 0 memorised, 4 levels left

rFire  . . .     SeeInvis .     t - +0 giant club
rCold  . . .     Gourm    .     b - +0 animal skin
rNeg   . . .     Faith    .     (shield currently unavailable)
rPois  .         Spirit   .     (helmet restricted)
rElec  .         Dismiss  .     (no cloak)
rCorr  .         Reflect  .     (gloves unavailable)
SustAt .         Harm     .     (boots unavailable)
MR     .....                    (no amulet)
Stlth  ..........               (no ring)
                                s - +3 ring of intelligence (curse)

@: berserking, very quick, not resistant to hostile enchantments, extremely
unstealthy
A: unfitting armour, tough skin 1
a: Berserk, Trog's Hand, Burn Spellbooks, Renounce Religion


You were on level 4 of the Dungeon.
You worshipped Trog.
Trog was pleased with you.
You were not hungry.

You visited 1 branch of the dungeon, and saw 4 of its levels.

You collected 264 gold pieces.

Inventory:

Hand Weapons
 t - a +0 giant club (weapon)
Armour
 b - a +0 animal skin (worn)
Jewellery
 s - a cursed +3 ring of intelligence (left hand)
Scrolls
 f - a scroll of recharging {unknown}
 j - 2 scrolls of fog {unknown}
 m - 3 scrolls of enchant armour {unknown}
 r - a scroll of remove curse {unknown}
Potions
 d - 2 potions of magic {unknown}
 e - 4 potions of curing
 g - a potion of lignification {unknown}
 i - a potion of might {unknown}
 k - a potion of ambrosia {unknown}
 l - 2 potions of heal wounds
 n - a potion of mutation {unknown}
 o - a potion of flight {unknown}
Comestibles
 c - 2 bread rations


   Skills:
 + Level 5.6 Fighting
 * Level 7.4 Maces & Flails
 - Level 2.6 Dodging


You had 4 spell levels left.
You didn't know any spells.

Dungeon Overview and Level Annotations

Branches:
Dungeon (4/15)             Temple (0/1) D:4

Altars:
Okawaru
The Shining One


Innate Abilities, Weirdness & Mutations

You are too large for most types of armour.
You have tough skin. (AC +1)


Message History

Keep eating?
The troll barely misses you.
You continue eating.
The troll bites you! The troll closely misses you. The troll claws you.
You continue eating.
The troll barely misses you. The troll claws you. x2
You finish eating.
That meat ration really hit the spot!
A red film seems to cover your vision as you go berserk!
You feel yourself moving faster!
You feel mighty!
You feel quite a bit more hungry. The troll bites you!
* * * LOW HITPOINT WARNING * * *
The troll claws you!
* * * LOW HITPOINT WARNING * * *
The troll barely misses you.
You barely miss the troll.
Unknown command.
You bludgeon the troll!!
The troll is severely wounded.
The troll bites you!
You die...

#>.# #..#.. #..#.#
####..#.. #..#.#
......... #..#.#
####..#.# #..#.# #..#.#
#..#.# #.....
#..#.##############...#
#..#................#.#
#.....@......#####.(#.#
##.#..T......# #.<#.#
#.#.........# #..#.#
#.#.........#####..#.#
#.....w..............#
###.........#$.....###
#.........# ###.##
#.........# #.#
#.........# #.


You could see a troll and a dart slug.

Vanquished Creatures
  An ogre (D:4)
  Natasha (D:4)
  2 adders (D:2)
  2 oozes
  3 worms
  3 dart slugs
  2 giant geckos
  4 orcs (D:3)
  2 ball pythons
  3 giant cockroaches
  6 goblins
  5 hobgoblins
  7 kobolds
  7 bats
  3 giant newts (D:2)
  5 rats
56 creatures vanquished.

Notes
Turn   | Place    | Note
-------+----------+-------------------------------------------
     0 | D:1      | HAL9000 the Ogre Berserker began the quest for the Orb.
     0 | D:1      | Reached XP level 1. HP: 24/24 MP: 1/1
   271 | D:1      | Reached XP level 2. HP: 32/32 MP: 2/2
   865 | D:2      | Reached skill level 5 in Maces & Flails
   865 | D:2      | Reached XP level 3. HP: 27/40 MP: 3/3
  1198 | D:2      | Found a glowing golden altar of the Shining One.
  2123 | D:2      | Reached ** piety under Trog
  2163 | D:2      | Reached XP level 4. HP: 49/49 MP: 4/4
  2481 | D:3      | Reached skill level 6 in Maces & Flails
  2489 | D:3      | HP: 2/49 [worm (11)]
  3078 | D:3      | Found an iron altar of Okawaru.
  3704 | D:4      | Noticed an ogre
  3715 | D:4      | Killed an ogre
  3715 | D:4      | Reached skill level 5 in Fighting
  3715 | D:4      | Reached skill level 7 in Maces & Flails
  3715 | D:4      | Reached XP level 5. HP: 37/57 MP: 5/5
  3812 | D:4      | Found a staircase to the Ecumenical Temple.
  3831 | D:4      | Noticed Natasha
  3838 | D:4      | Killed Natasha
  3841 | D:4      | Noticed a troll
  3854 | D:4      | Slain by a troll

Vault maps used:
D:1:      dpeg_arrival_more_subterranean_lakeside_camping
D:2:      first_bread, nicolae_tso_carved_into_rock
D:3:      old_standard_altar
D:4:      uniq_sigmund, uniq_natasha

Skill      XL: |  1  2  3  4 |
---------------+-------------+-----
Maces & Flails | 5 7 |  7.4
Fighting       | 5 |  5.6
Dodging        | |  2.6

Action                   |  1- 3 |  4- 6 || total
-------------------------+-------+-------++-------
Melee: Mace              |    98 |    89 ||   187
       Giant club        |       |     8 ||     8
Invok: Berserk           |       |     2 ||     2
       Trog's Hand       |       |     1 ||     1
  Use: Scroll            |       |     2 ||     2
  Eat: Chunk             |     1 |     3 ||     4
       Meat ration       |     1 |     1 ||     2
Armor: Animal skin       |    29 |    17 ||    46
Dodge: Dodged            |    57 |    41 ||    98
